 Dungeon Crawl Stone Soup version 0.19-a0-922-gae50766 (webtiles) character file.

193 Herrn the Magician (level 5, -1/44 HPs)
             Began as a Naga Wizard on July 6, 2016.
             Slain by Crazy Yiuf
             ... wielding a +3 quarterstaff of chaos
              (10 damage)
             ... on level 2 of the Dungeon.
             The game lasted 00:11:16 (3665 turns).

Herrn the Magician (Naga Wizard)                    Turns: 3665, Time: 00:11:17

Health: -1/44      AC:  4    Str:  7 (9)  XL:     5   Next: 72%
Magic:  10/11      EV: 10    Int: 16 (19) God:
Gold:   101        SH:  0    Dex:  8 (10) Spells: 1 memorised, 11 levels left

rFire  . . .     SeeInvis +     t - +1 hand axe (chop)
rCold  . . .     Gourm    .     a - +0 robe
rNeg   . . .     Faith    .     (no shield)
rPois  +         Spirit   .     y - +1 helmet (curse)
rElec  .         Dismiss  +     (no cloak)
rCorr  .         Reflect  .     (no gloves)
SustAt .         Harm     .     (no barding)
MR     .....                    z - amulet of dismissal
Stlth  ++........               (no ring)
                                h - ring of see invisible

@: drained, very slow, not resistant to hostile enchantments, unstealthy
A: see invisible, deformed body, poison resistance, slowness 2, slow metabolism
1, spit poison 2, AC +1
a: Spit Poison


You were on level 2 of the Dungeon.
You were hungry.

You visited 1 branch of the dungeon, and saw 3 of its levels.

You collected 101 gold pieces.

Inventory:

Hand Weapons
 j - a +1 dagger of venom
 t - a +1 hand axe of chopping (weapon)
 u - a +4 flail of protection
 v - a +2 whip of draining
Armour
 a - a +0 robe (worn)
 b - a +0 hat
 y - a cursed +1 helmet (worn)
Jewellery
 h - a ring of see invisible (left hand)
 z - an amulet of dismissal (around neck)
Scrolls
 e - a scroll of recharging
 f - 2 scrolls of random uselessness
 i - a scroll of identify
 p - a scroll of magic mapping {unknown}
 w - a scroll of immolation {unknown}
 A - a scroll of blinking {unknown}
Potions
 g - a potion of degeneration
 n - a potion of magic {unknown}
 o - a potion of curing
 r - a potion of heal wounds {unknown}
 x - a potion of lignification {unknown}
Books
 c - a book of Minor Magic

   Spells                             Type                      Level
   a - Magic Dart                     Conjuration                  1
   b - Blink                          Translocation                2
   c - Call Imp                       Summoning                    2
   d - Repel Missiles                 Charms/Air                   2
   e - Slow                           Hexes                        2
   f - Conjure Flame                  Conjuration/Fire             3
   g - Mephitic Cloud                 Conjuration/Poison/Air       3
Comestibles
 d - a bread ration
 m - 2 fruits
 q - a beef jerky
 s - a meat ration


   Skills:
 * Level 1.6(1.2) Fighting
 * Level 1.3(0.9) Axes
 + Level 2.2(1.9) Dodging
 - Level 3.0(2.6) Stealth
 - Level 4.2(3.8) Spellcasting
 * Level 2.8(2.4) Conjurations
   Level 1.0(0.6) Summonings
   Level 1.0(0.6) Translocations


You had 11 spell levels left.
You knew the following spells:

 Your Spells              Type           Power        Failure   Level  Hunger
a - Magic Dart            Conj           ##..         10%         1    None


Dungeon Overview and Level Annotations

Branches:
Dungeon (3/15)

Altars:
Xom

Annotations:
D:2 Crazy Yiuf


Innate Abilities, Weirdness & Mutations

You cannot wear boots.
Your serpentine skin is tough. (AC +1)
You have supernaturally acute eyesight. (SInv)
Armour fits poorly on your strangely shaped body.
Your system is resistant to poisons. (rPois)
You cover ground very slowly.
You have a slow metabolism.
You can spit poison.


Message History

The ogre hits you with a giant club.
Your amulet of dismissal vibrates suddenly!
The ogre disappears!
Crazy Yiuf screams, "East arga spinner!"
As you read the scroll labeled GAN UNKIOXEM, it crumbles to dust.
It is a scroll of enchant armour.
Enchant which item? (? for menu, Esc to quit)
Your cursed +0 helmet glows green for a moment.
Crazy Yiuf screams, "Trifle toodlewoodle pizzabubble!"
Crazy Yiuf hits you with a quarterstaff of chaos!
* * * LOW HITPOINT WARNING * * *
You feel your power leaking away.
As you read the scroll labeled AGEFUCS AHAGAS, it crumbles to dust.
It is a scroll of amnesia.
Forget which spell ([?*] list [ESC] exit)?
Forget which spell ([?*] list [ESC] exit)?
Okay, then.
Crazy Yiuf says, "Crazy?
Crazy!?
PORCUPINE!"
Crazy Yiuf hits you with a quarterstaff of chaos!
You die...

#.#### ##...## #....#
#....####
.....#######(...##.#
#.(#............#..#
##.......###....#..#
...#......##......##
##.......>.#.....##
###.....<........##
###..#.#.#...#..@.#
....##...g...#.g..#
...####......#....##
...................##
........######......#
.......## #......###
>......# #........##
.......# #....#....##
.......# #########..#


You could see Crazy Yiuf.

Vanquished Creatures
  An orc priest (D:3)
  Jessica (D:2)
  Terence (D:1)
  4 adders
  4 worms
  A dart slug (D:3)
  A giant gecko (D:1)
  8 orcs (D:3)
  11 bats
  4 giant cockroaches
  6 goblins
  5 hobgoblins
  6 kobolds
  A quokka (D:3)
  2 giant newts
  2 rats
58 creatures vanquished.

Notes
Turn   | Place    | Note
-------+----------+-------------------------------------------
     0 | D:1      | Herrn the Naga Wizard began the quest for the Orb.
     0 | D:1      | Reached XP level 1. HP: 15/15 MP: 4/4
   236 | D:1      | Reached XP level 2. HP: 22/22 MP: 6/6
   864 | D:2      | Noticed Jessica
   864 | D:2      | Noticed Terence
   872 | D:1      | Reached XP level 3. HP: 29/30 MP: 5/8
  1246 | D:2      | Killed Jessica
  1246 | D:2      | Reached skill level 4 in Spellcasting
  1246 | D:2      | Reached XP level 4. HP: 37/37 MP: 8/10
  1381 | D:2      | Reached skill level 1 in Fighting
  1636 | D:1      | Killed Terence
  2136 | D:2      | Found a runed door.
  2209 | D:3      | Reached XP level 5. HP: 44/44 MP: 9/11
  2333 | D:3      | Reached skill level 1 in Axes
  3153 | D:3      | Found a shimmering altar of Xom.
  3462 | D:2      | Noticed Crazy Yiuf
  3652 | D:2      | Noticed an ogre
  3665 | D:2      | Slain by Crazy Yiuf

Vault maps used:
D:1:      sevenhm_arrival_forest_fort_large_4
D:2:      uniq_jessica, uniq_crazy_yiuf_cottage, uniq_terence
D:3:      xom_teletrap_fun

Skill      XL: |  1  2  3  4  5 |
---------------+----------------+-----
Spellcasting   | 4 |  4.2
Fighting       | 1 |  1.6
Conjurations   | 2 |  2.8
Dodging        | 2 |  2.2
Axes           | 1 |  1.3
Stealth        | |  3.0
Summonings     | |  1.0
Translocations | |  1.0

Action                   |  1- 3 |  4- 6 || total
-------------------------+-------+-------++-------
Melee: Dagger            |    24 |     4 ||    28
       Hand axe          |       |     8 ||     8
 Cast: Magic Dart        |    19 |    56 ||    75
 Abil: Spit Poison       |    26 |    30 ||    56
  Use: Scroll            |       |     4 ||     4
       Potion            |       |     2 ||     2
  Eat: Chunk             |     2 |     7 ||     9
Armor: Robe              |    12 |     1 ||    13
Dodge: Dodged            |    15 |    18 ||    33
